 Dungeon Crawl Stone Soup version 0.22-a0-351-g29664b4 (webtiles) character file.

27894 iamserjio the Nimble (level 13, -3/95 HPs)
             Began as an Octopode Fighter on Apr 13, 2018.
             Was an Initiate of Gozag.
             Slain by a two-headed ogre
             ... wielding a +0 giant spiked club
              (6 damage)
             ... while paralysed by an orc sorcerer
             ... on level 1 of the Orcish Mines.
             The game lasted 02:25:19 (25384 turns).

iamserjio the Nimble (Octopode Fighter)            Turns: 25384, Time: 02:25:20

Health: -3/95      AC:  1    Str: 16    XL:     13   Next: 35%
Magic:  16/16      EV:  2    Int: 11    God:    Gozag
Gold:   1011       SH:  0    Dex: 15    Spells: 9/12 levels left

rFire    . . .     SeeInvis .   D - +5 scimitar
rCold    . . .     Gourm    .   b - +0 shield
rNeg     + + +     Faith    .   (helmet restricted)
rPois    +         Spirit   .   j - amulet of rage
rElec    .         Reflect  .   l - +3 ring of evasion
rCorr    .         Harm     .   a - ring of stealth
MR       .....                  v - ring of protection from cold
Stlth    ++++++....             O - ring "Wefuela" {Wiz *Drain rPois rC- rN+++}
HPRegen  0.25/turn              (no ring)
MPRegen  0.15/turn              (no ring)
                                (no ring)
                                (no ring)

@: paralysed
A: almost no armour, stealthy swim, amphibious, 8 rings, constrict 8, camouflage
1, gelatinous body 1
a: Potion Petition, Call Merchant, Bribe Branch, Renounce Religion, Evoke
Berserk Rage


You were on level 1 of the Orcish Mines.
You worshipped Gozag.
Gozag was most pleased with you.
You were not hungry.

You visited 4 branches of the dungeon, and saw 20 of its levels.

You collected 3658 gold pieces.
You spent 1006 gold pieces at shops.
You paid 1641 gold pieces to Gozag.

Inventory:

Hand Weapons
 s - a +2 vampiric scimitar
 D - a +5 scimitar (weapon)
 I - a +1 dagger of venom
 K - a +1 dagger of flaming
 L - a +5 blowgun
 M - a +1 short sword of distortion
Missiles
 p - 529 stones (quivered)
 r - 41 poisoned needles
 N - 9 curare-tipped needles
Armour
 b - a +0 shield (worn)
 G - a +2 large shield of reflection
Jewellery
 a - a ring of stealth (right tentacle)
 j - an amulet of rage (around mantle)
 l - a +3 ring of evasion (left tentacle)
 v - a ring of protection from cold (on tentacle)
 O - the ring "Wefuela" (on tentacle) {Wiz *Drain rPois rC- rN+++}
   (You bought it in a shop on level 10 of the Dungeon)

   [ring of wizardry]

   It improves your spell success rate.
   It makes you vulnerable to cold.
   It protects you from poison.
   It renders you almost immune to negative energy.
   It causes draining when unequipped.
Wands
 t - a wand of disintegration (9)
 w - a wand of random effects (30)
 y - a wand of polymorph (15)
 H - a wand of digging (13)
 P - a wand of paralysis (1)
Scrolls
 f - 8 scrolls of remove curse
 g - 5 scrolls of enchant armour
 h - 6 scrolls of enchant weapon
 i - a scroll of teleportation
 o - 3 scrolls of amnesia
 q - 2 scrolls of immolation
 x - a scroll of fear
 E - a scroll of vulnerability
 F - 3 scrolls of magic mapping
 Q - a scroll of blinking
Potions
 c - 3 potions of might
 e - 5 potions of curing
 k - 2 potions of brilliance
 m - 2 potions of agility
 n - 2 potions of lignification
 u - 3 potions of haste
 z - a potion of magic
 A - a potion of cancellation {unknown}
 B - 2 potions of flight
 C - a potion of ambrosia
 J - 2 potions of resistance
Comestibles
 d - 14 rations


   Skills:
 + Level 11.2 Fighting
 - Level 8.0(9.1) Short Blades
 * Level 6.7(8.5) Long Blades
 + Level 13.1 Dodging
 - Level 9.0 Stealth
 + Level 7.1 Shields
 - Level 2.0 Translocations
 - Level 5.0 Evocations


You had 9 spell levels left.
You knew the following spells:

 Your Spells              Type           Power        Failure   Level  Hunger
a - Blink                 Tloc           N/A          26%         2    ###....
b - Apportation           Tloc           #.....       16%         1    ##.....


Dungeon Overview and Level Annotations

Branches:
Dungeon (12/15)            Temple (0/1) D:7            Lair (6/6) D:10
  Swamp (0/4) Lair:3        Snake (1/4) Lair:3        Slime (0/5) Lair:6
    Orc (1/2) D:10

Altars:
Cheibriados
Gozag
Hepliaklqana
Nemelex Xobeh
Trog
Uskayaw
The Shining One
Beogh
Jiyva

Shops:
D:10 =

Annotations:
D:4 iamserjio's ghost, amateur OpFi
D:5 tsouns's ghost, amateur GnWr
D:7 4 runed doors
D:11 exclusion: 3 ice statues


Innate Abilities, Weirdness & Mutations

You cannot wear most types of armour.
You are very stealthy in the water. (Stealth+)
You are amphibious.
You can wear up to eight rings at the same time.
You can use your tentacles to constrict eight enemies at once.
Your skin changes colour to match your surroundings (Stealth+).
Your rubbery body absorbs attacks. (AC +1, EV +1)


Message History

The two-headed ogre completely misses you.
An orc priest comes into view. It is wielding a dagger.
There is a staircase back to the Dungeon here.
The orc sorcerer gestures at you while chanting.
You suddenly lose the ability to move!
The two-headed ogre completely misses you.
The two-headed ogre barely misses you. The orc sorcerer casts a spell at you.
You shrug off the repeated paralysis!
The two-headed ogre hits you with a giant spiked club!! x2
The orc warrior hits you with a vampiric war axe!
* * * LOW HITPOINT WARNING * * *
The two-headed ogre hits you with a giant spiked club!
* * * LOW HITPOINT WARNING * * *
The two-headed ogre hits you with a giant spiked club!
* * * LOW HITPOINT WARNING * * *
The orc priest miscasts a cantrip.
The two-headed ogre hits you with a giant spiked club.
You die...
Your body crumbles into a pile of gold.

.........#
...........####
............#..#
......###.....#
.$....##......# o.
.........o)..#
...##............#
oo...##.......).##
...o$......oo@.##
##.....oO## $
#.......# $
##.#[#.## #.#####
$ ... .#.## #..##
# .


You could see a two-headed ogre, an orc sorcerer, 2 orc warriors and an orc
priest.

Vanquished Creatures
  Fannar (D:10)
  A two-headed ogre (D:11)
  An orc high priest (D:10)
  Sonja (D:10)
  An unseen horror (D:10)
  A swamp dragon (Lair:6)
  A lindwurm (Lair:6)
  7 elephants
  A centaur zombie (D:11)
  A black mamba (Lair:4)
  7 spiny frogs
  4 komodo dragons
  3 rime drakes
  A yaktaur (D:10)
  A queen bee (D:9)
  4 blink frogs
  2 meliai
  A troll (D:10)
  4 dream sheep (Lair:6)
  Sigmund (D:4)
  4 hippogriffs
  13 yaks
  2 steam dragons
  A hungry ghost (D:10)
  2 basilisks
  A warg (D:10)
  A naga (Lair:3)
  2 swamp worms (Lair:3)
  2 acid dragons (Lair:6)
  9 water moccasins
  10 porcupines
  A soldier ant (D:8)
  A swamp drake (Lair:6)
  11 orc warriors
  10 ice beasts
  3 black bears
  A sky beast (D:8)
  5 ogres
  16 crocodiles
  2 big kobolds (D:3)
  17 bullfrogs
  A gnoll sergeant (D:9)
  Blork the orc (D:4)
  4 scorpions
  16 killer bees
  5 wights
  7 crimson imps
  A howler monkey (D:4)
  3 jellies
  8 orc priests
  7 hounds
  A bullfrog skeleton (D:4)
  6 orc wizards
  3 centaur skeletons
  4 iguanas
  7 worker ants
  5 hound skeletons
  A worker ant zombie (D:6)
  11 gnolls
  10 adders
  3 shadow imps
  7 oozes
  2 adder zombies
  An adder skeleton (D:9)
  4 worms
  2 dart slugs
  A leopard gecko (D:4)
  54 orcs
  3 bats
  6 giant cockroaches
  9 goblins
  9 hobgoblins
  10 jackals
  3 quokkas
  A ball python (D:4)
  4 frilled lizards
  A jackal skeleton (D:8)
  48 kobolds
  A leopard gecko skeleton (D:7)
  A leopard gecko zombie (D:8)
  16 rats
  A plant (Lair:3)
446 creatures vanquished.

Vanquished Creatures (others)
  A bush (Lair:4)
  53 fungi
  33 plants
87 creatures vanquished.

Grand Total: 533 creatures vanquished

Notes
Turn   | Place    | Note
-------+----------+-------------------------------------------
     0 | D:1      | iamserjio the Octopode Fighter began the quest for the Orb.
     0 | D:1      | Reached XP level 1. HP: 16/16 MP: 1/1
   102 | D:1      | Reached skill level 1 in Stealth
   107 | D:1      | Reached XP level 2. HP: 17/21 MP: 2/2
   617 | D:2      | Reached XP level 3. HP: 18/26 MP: 3/3
  1027 | D:2      | Reached XP level 4. HP: 29/31 MP: 4/4
  1331 | D:2      | Noticed a moth of wrath
  1334 | D:2      | Found a bloodstained altar of Trog.
  2062 | D:3      | Reached XP level 5. HP: 33/36 MP: 5/5
  2598 | D:3      | Noticed a big kobold
  2598 | D:3      | Noticed a big kobold
  2604 | D:3      | Killed a big kobold
  2604 | D:3      | Reached skill level 5 in Stealth
  2604 | D:3      | Reached XP level 6. HP: 39/43 MP: 6/6
  2609 | D:3      | Reached skill level 4 in Dodging
  4256 | D:4      | Reached XP level 7. HP: 48/48 MP: 7/7
  4336 | D:4      | Noticed iamserjio's ghost (amateur OpFi)
  4344 | D:5      | Entered Level 5 of the Dungeon
  4764 | D:4      | Found a glowing golden altar of the Shining One.
  4764 | D:4      | Noticed Sigmund
  4768 | D:4      | Killed Sigmund
  4768 | D:4      | Reached skill level 5 in Dodging
  4778 | D:4      | Found a bloodstained altar of Trog.
  4779 | D:4      | Found a hide-covered altar of Uskayaw.
  4781 | D:4      | Found an opulent altar of Gozag.
  4794 | D:4      | Became a worshipper of Gozag Ym Sagoz the Greedy
  5134 | D:4      | Noticed Blork the orc
  5141 | D:4      | Killed Blork the orc
  5141 | D:4      | Reached XP level 8. HP: 54/54 MP: 8/8
  5521 | D:4      | Reached skill level 5 in Fighting
  5557 | D:5      | Noticed tsouns's ghost (amateur GnWr)
  6033 | D:5      | Found a snail-covered altar of Cheibriados.
  6241 | D:5      | Reached skill level 6 in Dodging
  6502 | D:6      | Reached skill level 1 in Evocations
  6644 | D:6      | Reached skill level 5 in Short Blades
  6872 | D:6      | Found a hazy altar of Hepliaklqana.
  6884 | D:6      | Reached skill level 7 in Dodging
  6884 | D:6      | Reached XP level 9. HP: 36/62 MP: 10/10
  7288 | D:7      | Found a staircase to the Ecumenical Temple.
  7936 | D:7      | Found a huge runed gate.
  7936 | D:7      | Found a huge runed gate.
  7936 | D:7      | Found a huge runed gate.
  7936 | D:7      | Found a huge runed gate.
  7936 | D:7      | Noticed a polar bear
  7937 | D:7      | Noticed a polar bear
  7938 | D:7      | Noticed a polar bear
  8278 | D:8      | Reached skill level 8 in Dodging
  8874 | D:8      | Found a sparkling altar of Nemelex Xobeh.
  9734 | D:9      | Noticed a queen bee
  9952 | D:9      | Noticed a troll
  9982 | D:9      | Reached XP level 10. HP: 28/69 MP: 12/12
 10279 | D:10     | Entered Level 10 of the Dungeon
 10279 | D:10     | Noticed Sonja
 10284 | D:10     | Killed Sonja
 10284 | D:10     | Reached skill level 9 in Dodging
 10833 | D:9      | Got a bloodstained flail
 11016 | D:9      | Noticed an orb spider
 11016 | D:9      | a troll changed into an orb spider
 11481 | D:9      | an orb spider changed into a meliai
 11729 | D:9      | Identified the cursed +0 flail of the Rat {crush, MP+9} (You found it on level 9 of the Dungeon)
 11979 | D:10     | Reached skill level 5 in Evocations
 12027 | D:10     | Noticed an orc knight
 12049 | D:10     | Reached skill level 10 in Dodging
 12479 | D:10     | Noticed Fannar
 12512 | D:10     | Killed Fannar
 12512 | D:10     | Reached XP level 11. HP: 43/77 MP: 14/14
 12821 | D:11     | Noticed a two-headed ogre
 12948 | D:11     | Reached skill level 11 in Dodging
 13085 | D:12     | Noticed a red ugly thing
 13305 | D:11     | Noticed a cyclops
 13621 | D:11     | Killed a two-headed ogre
 14772 | D:10     | Found a roughly hewn altar of Beogh.
 14772 | D:10     | Found a staircase to the Orcish Mines.
 14892 | Orc:1    | Entered Level 1 of the Orcish Mines
 14911 | Orc:1    | Noticed an orc sorcerer
 14917 | Orc:1    | Noticed an orc high priest
 15073 | D:10     | an orc knight changed into a yaktaur
 15102 | D:10     | Found a staircase to the Lair.
 15133 | D:10     | Killed an unseen horror
 15570 | Lair:1   | Entered Level 1 of the Lair of Beasts
 15686 | Lair:1   | Learned a level 2 spell: Blink
 15993 | Lair:1   | Reached skill level 1 in Translocations
 16044 | Lair:1   | Reached XP level 12. HP: 75/87 MP: 15/15
 16448 | Lair:1   | Reached skill level 12 in Dodging
 16788 | Lair:2   | Reached skill level 10 in Fighting
 17120 | Lair:2   | Noticed an eight-headed hydra
 17720 | Lair:3   | Found a staircase to the Snake Pit.
 17806 | Snake:1  | Entered Level 1 of the Snake Pit
 17869 | Lair:3   | Reached skill level 5 in Shields
 17969 | Lair:3   | Noticed a catoblepas
 18012 | Lair:3   | HP: 4/87 [poisoned by a spiny frog]
 18017 | Lair:3   | HP: 2/87 [poisoned by a spiny frog]
 18022 | Lair:3   | HP: 2/87 [poisoned by a spiny frog]
 18029 | Lair:3   | HP: 1/87 [poisoned by a spiny frog]
 18037 | Lair:3   | HP: 1/87 [poisoned by a spiny frog]
 18653 | Lair:3   | Found a staircase to the Swamp.
 18834 | Lair:4   | Reached skill level 1 in Long Blades
 20101 | Lair:6   | Entered Level 6 of the Lair of Beasts
 21103 | Lair:6   | Learned a level 1 spell: Apportation
 21946 | Lair:6   | Reached skill level 5 in Long Blades
 22304 | Lair:6   | Reached XP level 13. HP: 93/94 MP: 16/16
 22670 | Lair:6   | Noticed a fire dragon
 23137 | Lair:6   | Found a runed door.
 23138 | Lair:6   | Found a viscous altar of Jiyva.
 23142 | Lair:6   | Found a staircase to the Slime Pits.
 23387 | Lair:6   | Reached skill level 13 in Dodging
 23823 | Lair:6   | Noticed a storm dragon
 23823 | Lair:6   | a death yak changed into a storm dragon
 24676 | D:10     | Bought an uncursed ring of stealth for 262 gold pieces
 24676 | D:10     | Bought the ring "Wefuela" {Wiz *Drain rPois rC- rN+++} for 744 gold pieces
 25380 | Orc:1    | Paralysed by an orc sorcerer for 7 turns
 25382 | Orc:1    | HP: 3/95 [two-headed ogre/giant spiked club (7)]
 25384 | Orc:1    | Slain by a two-headed ogre

Vault maps used:
D:1:      minmay_arrival_hallway, minmay_door_square, minmay_misc_feat_diagonals
D:2:      minmay_misc_feat_doors, tgw_trog
D:3:      minmay_goblin_kobold_castle
D:4:      minitemple, first_ration, uniq_blork_the_orc, uniq_sigmund
D:5:      cheibriados_altar_1, minmay_crystal_room
D:6:      basic_altar
D:7:      lemuel_bear_cage, minmay_temple_entry_large_hall
D:8:      nemelex_xobeh_ov_fountains_minmay
D:9:      david_nohive_1
D:10:     due_lair_maze_entry_diamond, david_orc_5, uniq_sonja, uniq_fannar
D:11:     minmay_ice_pillars, minmay_statues_item
D:12:     uniq_harold
Lair:1:   serial_bayou_shore_b
Lair:2:   grunt_megastairs_3
Lair:3:   nicolae_swamp_entry_splash_gauntlet,
          minmay_snake_entry_guardpost_small, beast_lair_carwin_4
Lair:5:   lemuel_fruit_tree
Lair:6:   guppyfry_lair_end_dragon, hangedman_lair_in_review, slime_altar_2,
          nicolae_lair_grove_arrangements, fungi_pond_lemuel, minivault_24
Orc:1:    serial_shops, shop, special_room

Skill      XL: |  1  2  3  4  5  6  7  8  9 10 11 12 13 |
---------------+----------------------------------------+-----
Stealth        | 1 2 3 4 5 6 7 8 9 |  9.0
Short Blades   | 3 4 5 6 7 8 |  8.0
Fighting       | 4 5 6 8 9 10 11 | 11.2
Dodging        | 4 5 7 8 10 11 12 13 | 13.1
Evocations     | 2 3 5 |  5.0
Shields        | 4 6 7 |  7.1
Translocations | 1 2 |  2.0
Long Blades    | 5 6 |  6.7

Action                   |  1- 3 |  4- 6 |  7- 9 | 10-12 | 13-15 || total
-------------------------+-------+-------+-------+-------+-------++-------
Melee: Rapier            |    72 |   177 |    38 |    33 |       ||   320
       Constrict         |    12 |    55 |    73 |    70 |    16 ||   226
       Tentacles         |     5 |    42 |    92 |   179 |    42 ||   360
       Dagger            |       |     4 |   180 |   148 |     2 ||   334
       Scimitar          |       |       |   108 |   414 |   144 ||   666
Throw: Stone             |       |     1 |     3 |    26 |     9 ||    39
Invok: Potion Petition   |       |       |     2 |     2 |       ||     4
       Call Merchant     |       |       |       |       |     1 ||     1
 Abil: Evoke Berserk Rag |       |       |       |     1 |       ||     1
Evoke: Wand              |       |       |     1 |    19 |    12 ||    32
  Use: Scroll            |       |       |     7 |    28 |     4 ||    39
       Potion            |       |       |     3 |     5 |     1 ||     9
 Stab: Sleeping          |     6 |    14 |    23 |    40 |       ||    83
       Distracted        |       |       |     4 |     8 |     2 ||    14
       Confused          |       |       |       |     1 |       ||     1
       Paralysed         |       |       |       |       |     1 ||     1
  Eat: Chunk             |       |     9 |     4 |       |       ||    13
       Ration            |       |       |     5 |    12 |     3 ||    20
Armor: Skin              |     6 |     6 |     6 |    20 |     3 ||    41
Dodge: Dodged            |    22 |    93 |   160 |   353 |    94 ||   722
Block: Shield            |    27 |    76 |   101 |   221 |    65 ||   490
       Rpst.: Scimitar   |       |       |    20 |    72 |    25 ||   117

Table legend:
 A = Spawn XP
 B = Non-spawn XP
 C = Spawn XP percentage of total XP
 D = Spawn monster count
 E = Non-spawn monster count
 F = Spawn count percentage of total count
 G = Total turns spent on level
                    A         B        C        D         E        F      G
               +---------+---------+-------+---------+---------+-------+---------
         Total |       0 |   39849 |   0.0 |       0 |     445 |   0.0 | 25384
               +---------+---------+-------+---------+---------+-------+---------
           D:1 |       0 |      30 |   0.0 |       0 |      19 |   0.0 |   609
           D:2 |       0 |      74 |   0.0 |       0 |      26 |   0.0 |   946
           D:3 |       0 |     419 |   0.0 |       0 |      75 |   0.0 |  2511
           D:4 |       0 |     804 |   0.0 |       0 |      28 |   0.0 |  1557
           D:5 |       0 |     366 |   0.0 |       0 |       9 |   0.0 |   882
           D:6 |       0 |     989 |   0.0 |       0 |      21 |   0.0 |   881
           D:7 |       0 |     612 |   0.0 |       0 |      17 |   0.0 |   718
           D:8 |       0 |     804 |   0.0 |       0 |      16 |   0.0 |   960
           D:9 |       0 |    2277 |   0.0 |       0 |      40 |   0.0 |  2800
          D:10 |       0 |    8220 |   0.0 |       0 |      64 |   0.0 |  2883
          D:11 |       0 |    3325 |   0.0 |       0 |      22 |   0.0 |  1459
          D:12 |       0 |     139 |   0.0 |       0 |       2 |   0.0 |     8
        Lair:1 |       0 |    2639 |   0.0 |       0 |      13 |   0.0 |  1210
        Lair:2 |       0 |     851 |   0.0 |       0 |       5 |   0.0 |  1008
        Lair:3 |       0 |    1795 |   0.0 |       0 |      10 |   0.0 |  1109
        Lair:4 |       0 |    3050 |   0.0 |       0 |      14 |   0.0 |  1288
        Lair:5 |       0 |    2182 |   0.0 |       0 |      13 |   0.0 |  1035
        Lair:6 |       0 |   11059 |   0.0 |       0 |      47 |   0.0 |  3451
         Orc:1 |       0 |     214 |   0.0 |       0 |       4 |   0.0 |    67
               +---------+---------+-------+---------+---------+-------+---------
